SNL (28 & UNDER)
BEAUMONT ROUGHNECKS @ SALEM SILVER SOULS
09/29/2027
 
TOP OF THE 1ST
Beaumont Roughnecks batting - Pitching for Salem Silver Souls : RHP Pat Wyatt
Pitching: RHP Pat Wyatt
Batting: LHB Tony Rivera 0-0: Swinging Strike
0-1: Ball
1-1: Called Strike
1-2: Strikes out swinging
Batting: RHB Darwin Crane 0-0: Ball
1-0: Ball
2-0: Ground out 5-3 (Groundball, 5L)
Batting: LHB Cam Flowers 0-0: Ball
1-0: Ball
2-0: Foul Ball, location: 2F
2-1: Called Strike
2-2: Ball
3-2: SOLO HOME RUN (Flyball, 9D), Distance : 394 ft
Batting: RHB Si-xun Li 0-0: Foul Ball, location: 2F
0-1: Foul Ball, location: 2F
0-2: Ball
1-2: Ball
2-2: Ball
3-2: Strikes out swinging
Top of the 1st over - 1 run(s), 1 hit(s), 0 error(s), 0 left on base; Beaumont 1 - Salem 0
BOTTOM OF THE 1ST
Salem Silver Souls batting - Pitching for Beaumont Roughnecks : RHP José Salinas
Pitching: RHP José Salinas
Batting: LHB Joel Nelson 0-0: Ball
1-0: SINGLE (Groundball, 6MD)
Batting: LHB Hamilton Hughes 0-0: Called Strike
0-1: Foul Ball, location: 2F
0-2: Grounds into double play, 6-4-3 (Groundball, 6)
Batting: LHB Chance Santry 0-0: SINGLE (Flyball, 89S)
Batting: LHB Nick Scott 0-0: Called Strike
0-1: Called Strike
0-2: Ball
1-2: Strikes out swinging
Bottom of the 1st over - 0 run(s), 2 hit(s), 0 error(s), 1 left on base; Beaumont 1 - Salem 0
TOP OF THE 2ND
Beaumont Roughnecks batting - Pitching for Salem Silver Souls : RHP Pat Wyatt
Batting: LHB Bernardo Morales 0-0: Fly out, F6 (Line Drive, 56D)
Batting: LHB Enrique Cruz 0-0: Ball
1-0: Ball
2-0: Foul Ball, location: 2F
2-1: Fly out, F8 (Flyball, 8LM)
Batting: RHB Albert Alemán 0-0: Foul Ball, location: 2F
0-1: Called Strike
0-2: Foul Ball, location: 2F
0-2: Ball
1-2: Ball
2-2: Strikes out looking
Top of the 2nd over - 0 run(s), 0 hit(s), 0 error(s), 0 left on base; Beaumont 1 - Salem 0
BOTTOM OF THE 2ND
Salem Silver Souls batting - Pitching for Beaumont Roughnecks : RHP José Salinas
Batting: RHB Gustavo Pagán 0-0: Called Strike
0-1: Ball
1-1: Foul Ball, location: 2F
1-2: Ball
2-2: Ground out 6-3 (Groundball, 6S)
Batting: SHB Tony Yan 0-0: Ball
1-0: Called Strike
1-1: Foul Ball, location: 2F
1-2: Ball
2-2: Strikes out swinging
Batting: RHB Tom Hughes 0-0: Foul Ball, location: 2F
0-1: Foul Ball, location: 2F
0-2: Ball
1-2: Ball
2-2: Foul Ball, location: 2F
2-2: Fly out, F4 (Popup, 4)
Bottom of the 2nd over - 0 run(s), 0 hit(s), 0 error(s), 0 left on base; Beaumont 1 - Salem 0
TOP OF THE 3RD
Beaumont Roughnecks batting - Pitching for Salem Silver Souls : RHP Pat Wyatt
Batting: RHB Miguel Costa 0-0: Ball
1-0: Ball
2-0: Ball
3-0: Called Strike
3-1: Foul Ball, location: 2F
3-2: Foul Ball, location: 2F
3-2: Base on Balls
Batting: LHB Guy Moss 0-0: Ball
1-0: Called Strike
1-1: Ball
2-1: Foul Ball, location: 2F
2-2: Fly out, F9 (Flyball, 89M)
Batting: LHB Tony Rivera 0-0: Called Strike
0-1: Ground out 5-3 (Groundball, 56S)
Miguel Costa to second
Batting: RHB Darwin Crane 0-0: Ball
1-0: Foul Ball, location: 2F
1-1: SINGLE (Groundball, 56D)
Miguel Costa to third
Runner from 3rd tries for Home, SAFE, no throw
Batting: LHB Cam Flowers 0-0: Ball
1-0: Called Strike
1-1: SINGLE (Groundball, 3S) (infield hit)
Darwin Crane to second
Batting: RHB Si-xun Li 0-0: Foul Ball, location: 2F
0-1: Fielders Choice at 2nd, 5-4 (Groundball, 56)
Top of the 3rd over - 1 run(s), 2 hit(s), 0 error(s), 1 left on base; Beaumont 2 - Salem 0
BOTTOM OF THE 3RD
Salem Silver Souls batting - Pitching for Beaumont Roughnecks : RHP José Salinas
Batting: SHB Francis Shaffer 0-0: Ball
1-0: Swinging Strike
1-1: Ball
2-1: Called Strike
2-2: Ball
3-2: Fly out, F8 (Flyball, 8RM)
Batting: RHB Jaime Rodríguez 0-0: SINGLE (Groundball, 6MD)
Batting: LHB Joel Nelson 0-0: Called Strike
0-1: Foul Ball, location: 2F
0-2: Ball
1-2: Strikes out swinging
Batting: LHB Hamilton Hughes 0-0: Ball
1-0: Called Strike
1-1: Ground out 4-3 (Groundball, 4S)
Bottom of the 3rd over - 0 run(s), 1 hit(s), 0 error(s), 1 left on base; Beaumont 2 - Salem 0
TOP OF THE 4TH
Beaumont Roughnecks batting - Pitching for Salem Silver Souls : RHP Pat Wyatt
Batting: LHB Bernardo Morales 0-0: Called Strike
0-1: Ball
1-1: Foul Ball, location: 2F
1-2: Ball
2-2: Strikes out looking
Batting: LHB Enrique Cruz 0-0: Called Strike
0-1: Ball
1-1: Fly out, F7 (Flyball, 7S)
Batting: RHB Albert Alemán 0-0: Called Strike
0-1: Called Strike
0-2: Foul Ball, location: 2F
0-2: Foul Ball, location: 2F
0-2: Strikes out swinging
Top of the 4th over - 0 run(s), 0 hit(s), 0 error(s), 0 left on base; Beaumont 2 - Salem 0
BOTTOM OF THE 4TH
Salem Silver Souls batting - Pitching for Beaumont Roughnecks : RHP José Salinas
Batting: LHB Chance Santry 0-0: Called Strike
0-1: Ball
1-1: Ball
2-1: Called Strike
2-2: Foul Ball, location: 2F
2-2: Reached on error, E6 (Groundball, 6)
Batting: LHB Nick Scott 0-0: Ball
1-0: Swinging Strike
1-1: Swinging Strike
1-2: Ball
2-2: Ball
3-2: 2-RUN HOME RUN (Flyball, 7D), Distance : 405 ft
Batting: RHB Gustavo Pagán 0-0: Called Strike
0-1: Ball
1-1: Fly out, F9 (Flyball, 9)
Batting: SHB Tony Yan 0-0: Ball
1-0: Ball
2-0: Ball
3-0: Base on Balls
Batting: RHB Tom Hughes 0-0: Ball
1-0: Called Strike
1-1: Ball
2-1: Grounds into double play, 4-6-3 (Groundball, 4M)
Bottom of the 4th over - 2 run(s), 1 hit(s), 1 error(s), 0 left on base; Beaumont 2 - Salem 2
TOP OF THE 5TH
Beaumont Roughnecks batting - Pitching for Salem Silver Souls : RHP Pat Wyatt
Batting: RHB Miguel Costa 0-0: Foul Ball, location: 2F
0-1: Ball
1-1: Ball
2-1: SINGLE (Groundball, 6S) (infield hit)
Batting: LHB Guy Moss 0-0: 2-RUN HOME RUN (Flyball, 8LXD), Distance : 422 ft
Batting: LHB Tony Rivera 0-0: Foul Ball, location: 2F
0-1: Ball
1-1: Foul Ball, location: 2F
1-2: Ball
2-2: Ball
3-2: Foul Ball, location: 2F
3-2: Ground out 4-3 (Groundball, 4)
Batting: RHB Darwin Crane 0-0: Swinging Strike
0-1: Foul Ball, location: 2F
0-2: Strikes out swinging
Batting: LHB Cam Flowers 0-0: Called Strike
0-1: Foul Ball, location: 2F
0-2: Ball
1-2: Foul Ball, location: 2F
1-2: Foul Ball, location: 2F
1-2: Ball
2-2: Foul Ball, location: 2F
2-2: Ball
3-2: SINGLE (Groundball, 4MD)
Pitching: RHP Bob Bartell
Batting: RHB Si-xun Li 0-0: Ground out 1-3 (Groundball, 15)
Top of the 5th over - 2 run(s), 3 hit(s), 0 error(s), 1 left on base; Beaumont 4 - Salem 2
BOTTOM OF THE 5TH
Salem Silver Souls batting - Pitching for Beaumont Roughnecks : RHP José Salinas
Batting: SHB Francis Shaffer 0-0: Ball
1-0: Foul Ball, location: 2F
1-1: Foul Ball, location: 2F
1-2: SINGLE (Groundball, 56S) (infield hit)
Batting: RHB Jaime Rodríguez 0-0: Ball
1-0: Fly out, F9 (Flyball, 9LM)
Batting: LHB Joel Nelson 0-0: Ball
1-0: Ball
2-0: Foul Ball, location: 2F
2-1: Fly out, F8 (Flyball, 8LS)
Batting: LHB Hamilton Hughes 0-0: Called Strike
0-1: SINGLE (Groundball, 34S) (infield hit)
Francis Shaffer to second
Batting: LHB Chance Santry 0-0: SINGLE (Line Drive, 9S)
Francis Shaffer to third
Hamilton Hughes to second
Batting: LHB Nick Scott 0-0: Ball
1-0: Foul Ball, location: 2F
1-1: Swinging Strike
1-2: Foul Ball, location: 2F
1-2: Foul Ball, location: 2F
1-2: Ball
2-2: Foul Ball, location: 2F
2-2: Strikes out swinging
Bottom of the 5th over - 0 run(s), 3 hit(s), 0 error(s), 3 left on base; Beaumont 4 - Salem 2
TOP OF THE 6TH
Beaumont Roughnecks batting - Pitching for Salem Silver Souls : RHP Bob Bartell
Batting: LHB Bernardo Morales 0-0: Called Strike
0-1: Ball
1-1: Ball
2-1: Ball
3-1: Swinging Strike
3-2: Base on Balls
Batting: LHB Enrique Cruz 0-0: 2-RUN HOME RUN (Flyball, 9LD), Distance : 363 ft
Batting: RHB Albert Alemán 0-0: Called Strike
0-1: Swinging Strike
0-2: Ball
1-2: Strikes out swinging
Batting: RHB Miguel Costa 0-0: Foul Ball, location: 2F
0-1: Ball
1-1: Foul Ball, location: 2F
1-2: Strikes out swinging
Batting: LHB Guy Moss 0-0: Fly out, F8 (Flyball, 8LM)
Top of the 6th over - 2 run(s), 1 hit(s), 0 error(s), 0 left on base; Beaumont 6 - Salem 2
BOTTOM OF THE 6TH
Salem Silver Souls batting - Pitching for Beaumont Roughnecks : RHP José Salinas
Batting: RHB Gustavo Pagán 0-0: SINGLE (Line Drive, 3)
Batting: SHB Tony Yan 0-0: Ball
1-0: Ball
2-0: Called Strike
2-1: Swinging Strike
2-2: Ball
3-2: Strikes out looking
Batting: RHB Tom Hughes 0-0: Called Strike
0-1: Called Strike
0-2: Ball
1-2: SINGLE (Line Drive, 8LS)
Gustavo Pagán to second
Pitching: RHP Jeff Thompson
Batting: SHB Francis Shaffer 0-0: Ball
1-0: Fly out, F4 (Popup, 4)
Batting: RHB Jaime Rodríguez 0-0: Ball
1-0: Swinging Strike
1-1: Ball
2-1: Fielders Choice at 2nd, 5-4 (Groundball, 56)
Bottom of the 6th over - 0 run(s), 2 hit(s), 0 error(s), 1 left on base; Beaumont 6 - Salem 2
TOP OF THE 7TH
Beaumont Roughnecks batting - Pitching for Salem Silver Souls : RHP Bob Bartell
Batting: LHB Tony Rivera 0-0: Ball
1-0: Swinging Strike
1-1: Ball
2-1: Foul Ball, location: 2F
2-2: Ball
3-2: DOUBLE (Line Drive, 9LS)
Batting: RHB Darwin Crane 0-0: Called Strike
0-1: Ball
1-1: Ball
2-1: Foul Ball, location: 2F
2-2: Reached on error, E4 (Groundball, 4)
Tony Rivera to third
Batting: LHB Cam Flowers 0-0: Ball
1-0: Ball
2-0: DOUBLE (Line Drive, 89D)
Tony Rivera scores
Darwin Crane to third
Pitching: RHP Fernando Gutiérrez
Batting: RHB Si-xun Li 0-0: Ball
1-0: Called Strike
1-1: Swinging Strike
1-2: Foul Ball, location: 2F
1-2: Ball
2-2: Strikes out swinging
Batting: LHB Bernardo Morales 0-0: Called Strike
0-1: Ball
1-1: Foul Ball, location: 2F
1-2: Strikes out swinging
Batting: LHB Enrique Cruz 0-0: 3-RUN HOME RUN (Line Drive, 89XD), Distance : 430 ft
Batting: RHB Albert Alemán 0-0: Called Strike
0-1: Ball
1-1: Foul Ball, location: 2F
1-2: SINGLE (Groundball, 4MD)
Batting: RHB Miguel Costa 0-0: Called Strike
0-1: Ball
1-1: Swinging Strike
1-2: SINGLE (Line Drive, 78S)
Albert Alemán to second
Batting: LHB Guy Moss 0-0: Ball
1-0: Fly out, F7 (Flyball, 7LSF)
Top of the 7th over - 4 run(s), 5 hit(s), 1 error(s), 2 left on base; Beaumont 10 - Salem 2
BOTTOM OF THE 7TH
Salem Silver Souls batting - Pitching for Beaumont Roughnecks : RHP Jeff Thompson
Batting: LHB Joel Nelson 0-0: Called Strike
0-1: Swinging Strike
0-2: Foul Ball, location: 2F
0-2: Ball
1-2: Strikes out looking
Batting: LHB Hamilton Hughes 0-0: Ball
1-0: Called Strike
1-1: Ball
2-1: Foul Ball, location: 2F
2-2: Ball
3-2: Foul Ball, location: 2F
3-2: Base on Balls
Batting: LHB Chance Santry 0-0: Ball
1-0: Ball
2-0: Ball
3-0: Base on Balls
Hamilton Hughes to second
Batting: LHB Nick Scott 0-0: Foul Ball, location: 2F
0-1: 3-RUN HOME RUN (Flyball, 89XD), Distance : 431 ft
Pitching: RHP Jesús Ortíz
Batting: RHB Gustavo Pagán 0-0: Ball
1-0: Called Strike
1-1: Ball
2-1: Ground out 5-3 (Groundball, 56S)
Batting: SHB Tony Yan 0-0: DOUBLE (Flyball, 7LM)
Batting: RHB Tom Hughes 0-0: Ball
1-0: Ball
2-0: Swinging Strike
2-1: Ball
3-1: Ground out 5-3 (Groundball, 5)
Bottom of the 7th over - 3 run(s), 2 hit(s), 0 error(s), 1 left on base; Beaumont 10 - Salem 5
TOP OF THE 8TH
Beaumont Roughnecks batting - Pitching for Salem Silver Souls : RHP Fernando Gutiérrez
Batting: LHB Tony Rivera 0-0: Ball
1-0: Ball
2-0: Called Strike
2-1: Foul Ball, location: 2F
2-2: Foul Ball, location: 2F
2-2: Foul Ball, location: 2F
2-2: Ball
3-2: Foul Ball, location: 2F
3-2: SINGLE (Line Drive, 3)
Batting: RHB Darwin Crane 0-0: Ball
1-0: Fly out, F8 (Flyball, 8RS)
Batting: LHB Cam Flowers 0-0: Called Strike
0-1: Ball
1-1: Ball
2-1: Ball
Tony Rivera steals 2nd base
3-1: Called Strike
3-2: SINGLE (Line Drive, 3D)
Tony Rivera to third
Batting: RHB Si-xun Li 0-0: Foul Ball, location: 2F
0-1: Ball
1-1: Ball
2-1: Ball
3-1: Base on Balls
Cam Flowers to second
Batting: LHB Bernardo Morales 0-0: Grounds into double play, 4-6-3 (Groundball, 4)
Top of the 8th over - 0 run(s), 2 hit(s), 0 error(s), 2 left on base; Beaumont 10 - Salem 5
BOTTOM OF THE 8TH
Salem Silver Souls batting - Pitching for Beaumont Roughnecks : RHP Jesús Ortíz
Batting: SHB Francis Shaffer 0-0: Ball
1-0: Fly out, F7 (Flyball, 7S)
Batting: RHB Jaime Rodríguez 0-0: Ball
1-0: SINGLE (Groundball, 6M) (infield hit)
Batting: LHB Joel Nelson 0-0: Ball
1-0: Swinging Strike
1-1: SINGLE (Groundball, 4D)
Jaime Rodríguez to second
Runner from 2nd tries for 3rd, SAFE, no throw
Batting: LHB Hamilton Hughes 0-0: Ball
1-0: Ball
2-0: Ball
3-0: Base on Balls
Joel Nelson to second
Pitching: LHP Artie Nelson
Batting: LHB Chance Santry 0-0: Ground out U3 (Groundball, 34S)
Jaime Rodríguez scores
Joel Nelson to third
Hamilton Hughes to second
Batting: LHB Nick Scott 0-0: Foul Ball, location: 2F
0-1: Ball
1-1: Called Strike
1-2: Ball
2-2: Ball
3-2: Strikes out looking
Bottom of the 8th over - 1 run(s), 2 hit(s), 0 error(s), 2 left on base; Beaumont 10 - Salem 6
TOP OF THE 9TH
Beaumont Roughnecks batting - Pitching for Salem Silver Souls : RHP Fernando Gutiérrez
Batting: LHB Enrique Cruz 0-0: Ball
1-0: Ball
2-0: Ball
3-0: Called Strike
3-1: Base on Balls
Batting: RHB Albert Alemán 0-0: Called Strike
0-1: Called Strike
0-2: Ball
1-2: Ball
2-2: Ball
3-2: Base on Balls
Enrique Cruz to second
Pitching: RHP Andy Hickey
Batting: RHB Miguel Costa 0-0: Called Strike
0-1: Fly out, F9 (Flyball, 9S)
Batting: LHB Guy Moss 0-0: Ball
1-0: Fly out, F9 (Flyball, 9S)
Batting: LHB Tony Rivera 0-0: Foul Ball, location: 2F
0-1: Foul Ball, location: 2F
0-2: Ball
1-2: Strikes out swinging
Top of the 9th over - 0 run(s), 0 hit(s), 0 error(s), 2 left on base; Beaumont 10 - Salem 6
BOTTOM OF THE 9TH
Salem Silver Souls batting - Pitching for Beaumont Roughnecks : LHP Artie Nelson
Batting: RHB Gustavo Pagán 0-0: Called Strike
0-1: Foul Ball, location: 2F
0-2: Strikes out swinging
Batting: SHB Tony Yan 0-0: Called Strike
0-1: Ball
1-1: Swinging Strike
1-2: Ball
2-2: Ball
3-2: Strikes out swinging
Batting: RHB Tom Hughes 0-0: Called Strike
0-1: Swinging Strike
0-2: Ground out U3 (Groundball, 23)
Bottom of the 9th over - 0 run(s), 0 hit(s), 0 error(s), 0 left on base; Beaumont 10 - Salem 6
Thursday, March 30th, 2017 - OOTP Baseball 17.12 Build 75